[Event "*** Titled Tuesday Blitz"]
[Site "Chess.com"]
[Date "2019.10.01"]
[Round "5"]
[White "aranibos"]
[Black "Supernotar"]
[Result "0-1"]
[WhiteElo "2166"]
[BlackElo "2709"]
[TimeControl "180+2"]
[EndTime "14:08:52 PDT"]
[Termination "Supernotar won by resignation"]

1. d4 d5 2. Nf3 Nf6 3. Bg5 Nbd7 4. e3 g6 5. Nbd2 Bg7 6. Bd3 O-O 7. c3 c5 8. h4 h5 9. Ne5 Nxe5 10. dxe5 Ng4 11. Nf3 Nxe5 12. Nxe5 Bxe5 13. f4 Bg4 14. Be2 Bxe2 15.
Qxe2 Bg7 16. f5 Qd6 17. O-O-O Rac8 18. Bf4 Be5 19. g4 Bxf4 20. exf4 Qxf4+ 21. Kb1 Qxg4 22. Qxg4 hxg4 23. Rxd5 Rfd8 24. Re5 Rd2 25. fxg6 fxg6 26.
Rxe7 g3 27. Rg1 g2 28. Re6 Kf7 29. Ree1 Rc6 30. a4 Rb6 0-1

[Event "*** Titled Tuesday Blitz"]
[Site "Chess.com"]
[Date "2019.10.01"]
[Round "5"]
[White "VladDobrov"]
[Black "moro182"]
[Result "1-0"]
[WhiteElo "2957"]
[BlackElo "2722"]
[TimeControl "180+2"]
[EndTime "14:09:11 PDT"]
[Termination "VladDobrov won by resignation"]

1. d4 Nf6 2. c4 e6 3. Nf3 d5 4. Nc3 c6 5. Bg5 Nbd7 6. e3 Qa5 7. cxd5 exd5 8. Nd2 Bd6 9. Bd3 O-O 10. O-O Qc7 11.
Nf3 Ng4 12. h3 Ngf6 13. Rc1 a6 14. Qd2 h6 15. Bf4 Re8 16. Rfe1 Nh5 17. Nxd5 Qb8 18. Bxd6 Qxd6 19. Nc3 Ndf6 20. e4 Qf4 21. Qxf4 Nxf4 22. Bf1 Be6 23. Kh2 Rad8 24. g3 Ng6 25. b3 Ne7 26. Bc4 Bxc4 27. bxc4 g5 28. Kg2 Ng6 29.
e5 Nd7 30. Ne4 Re7 31. c5 Ndf8 32. Rb1 Ne6 33. Nd6 Rdd7 34. Rb4 h5 35. Reb1 g4 36. hxg4 hxg4 37. Nh2 Rc7 38. Nxg4 Ngf8 39. Nf6+ Kh8 40. Rh1+ Kg7 41. Nfe8+ Kg6 42. Nxc7 Rxc7 43. Rxb7 1-0

[Event "*** Titled Tuesday Blitz"]
[Site "Chess.com"]
[Date "2019.10.01"]
[Round "5"]
[White "francyIM"]
[Black "ChessWarrior7197"]
[Result "0-1"]
[WhiteElo "2664"]
[BlackElo "2915"]
[TimeControl "180+2"]
[EndTime "14:09:36 PDT"]
[Termination "ChessWarrior7197 won by resignation"]

1. d4 Nf6 2. c4 e6 3. Nc3 Bb4 4.
f3 d5 5. a3 Bxc3+ 6. bxc3 c5 7. cxd5 Nxd5 8. dxc5 f5 9. Qb3 Qa5 10. Bd2 Qxc5 11. c4 Nb6 12. e3 Nc6 13. Nh3 O-O 14. Bb4 Qe5 15. Rd1 Nxb4 16. axb4 a5 17. f4 a4 18. Qa3 Qf6 19. c5 Nd5 20. Bc4 Bd7 21. O-O Rfd8 22. Rd4 b5 23. Bxd5 exd5 24. Ng5 Bc6 25. Nf3 Re8 26. Rfd1 Re7 27. Ne5 Rae8 28. Nxc6 Rxe3 29. Qa2 Qxc6 30. Qxd5+ Qxd5 31. Rxd5 Rc3 32.
Rd7 Rc2 33. Rb7 h5 34. Rb6 Kh7 35. Kh1 a3 36. Ra6 a2 37. c6 Ree2 38. Rg1 Re4 39. h3 Rxb4 40. c7 Rxc7 41. Rxa2 Rxf4 42. Rb2 b4 43.
Rgb1 Rcc4 44. Ra1 h4 45. Ra7 Rc1+ 46. Kh2 b3 47. g3 Rc2+ 48. Rxc2 bxc2 49. Rc7 Rf2+ 0-1

[Event "*** Titled Tuesday Blitz"]
[Site "Chess.com"]
[Date "2019.10.01"]
[Round "5"]
[White "cool4chess"]
[Black "boasovietica"]
[Result "1-0"]
[WhiteElo "2594"]
[BlackElo "2418"]
[TimeControl "180+2"]
[EndTime "14:09:47 PDT"]
[Termination "cool4chess won by resignation"]

1. e4 e5 2. Nf3 Nc6 3. Bb5 a6 4.
Ba4 Nf6 5. d4 exd4 6. O-O d6 7.
Nxd4 Bd7 8. Nxc6 Bxc6 9. Bxc6+ bxc6 10. c4 Be7 11. Nc3 O-O 12. b3 Re8 13. Bg5 Nxe4 14.
Nxe4 Bxg5 15. Qf3 Bf6 16. Rad1 Be5 17. Qg4 f5 18. Qxf5 Bxh2+ 19. Kxh2 Qh4+ 20. Kg1 Qxe4 21. Qd7 Re7 22. Qh3 Rae8 23. Rfe1 Qxe1+ 24. Rxe1 Rxe1+ 25. Kh2 R1e6 26. Qf3 Rh6+ 27. Kg3 Rg6+ 28. Kh2 c5 29. Qc6 Rf8 30. f3 h6 31. Qxa6 Re8 32. g4 Rf6 33. Kg3 Re3 34. Qa8+ Kh7 35. Qb7 Rd3 36. Qe4+ 1-0

[Event "*** Titled Tuesday Blitz"]
[Site "Chess.com"]
[Date "2019.10.01"]
[Round "5"]
[White "LastHeroJr"]
[Black "bascheyaro"]
[Result "0-1"]
[WhiteElo "2526"]
[BlackElo "2760"]
[TimeControl "180+2"]
[EndTime "14:09:51 PDT"]
[Termination "bascheyaro won by resignation"]

1. e4 e6 2. d4 d5 3. Nd2 c5 4. Ngf3 Nc6 5. exd5 exd5 6. Bb5 c4 7. O-O Bd6 8. b3 cxb3 9. c4 Ne7 10. cxd5 Nxd5 11.
Qxb3 O-O 12. Ne4 Bf4 13. Ba3 Re8 14. Rfe1 Bg4 15. Rad1 a6 16. Bxc6 bxc6 17. h3 Bh5 18.
Nc5 Qa5 19. Ne5 Bxd1 20. Rxd1 Bxe5 21. dxe5 Rxe5 22. Qb7 Rae8 23. Qxc6 Re1+ 24. Rxe1 Rxe1+ 25. Kh2 Qc7+ 26. Qxc7 Nxc7 27. Nd3 Re2 28. Bd6 Rd2 0-1

[Event "*** Titled Tuesday Blitz"]
[Site "Chess.com"]
[Date "2019.10.01"]
[Round "5"]
[White "KhazarBabazada"]
[Black "Witik"]
[Result "1-0"]
[WhiteElo "2849"]
[BlackElo "2641"]
[TimeControl "180+2"]
[EndTime "14:09:52 PDT"]
[Termination "KhazarBabazada won by resignation"]

1. e4 c6 2. d4 d5 3. Nc3 dxe4 4. Nxe4 Nf6 5. Nxf6+ exf6 6. c3 Bd6 7. Bd3 O-O 8. Qc2 Re8+ 9. Ne2 h5 10. Be3 Nd7 11. O-O-O Nf8 12. h3 Be6 13. c4 b5 14. c5 Bc7 15. g4 h4 16. Rhg1 g5 17. Kb1 b4 18. Qd2 a5 19. f4 Qd5 20. Nc1 b3 21. a3 gxf4 22. Bxf4 Bxf4 23. Qxf4 Qg5 24. Qf2 Bd5 25.
Ne2 Ng6 26. Rgf1 Re3 27. Nc3 Rxd3 28. Rxd3 Bc4 29. Rf3 Bxf1 30. Ne4 Bd3+ 31. Rxd3 Qf4 32. Nxf6+ Kh8 33. Rf3 Qg5 34. Ne4 Qe7 35. Nd6 Rf8 36. Kc1 Qg5+ 37. Kd1 f6 38. Rf5 1-0

[Event "*** Titled Tuesday Blitz"]
[Site "Chess.com"]
[Date "2019.10.01"]
[Round "5"]
[White "Nightlord1"]
[Black "MITerryble"]
[Result "1/2-1/2"]
[WhiteElo "2267"]
[BlackElo "2843"]
[TimeControl "180+2"]
[EndTime "14:10:00 PDT"]
[Termination "Game drawn by repetition"]

1. e4 e6 2. d4 d5 3. Nc3 Nf6 4. e5 Nfd7 5. f4 c5 6. Nf3 Nc6 7. Be3 Be7 8. Qd2 O-O 9. Be2 b6 10. O-O f5 11. Kh1 Bb7 12. Nd1 cxd4 13. Nxd4 Nc5 14.
Nf2 Rc8 15. c3 Nxd4 16. Bxd4 Kh8 17. Rg1 Qe8 18. g4 Ne4 19. Nxe4 dxe4 20. Qe3 g6 21. gxf5 gxf5 22. Rg2 Rg8 23. Rag1 Qf7 24. h3 Rxg2 25. Rxg2 Bd5 26. b3 Rg8 27. Kh2 Rd8 28. Qg3 Rf8 29. Bh5 Qg8 30. Qe3 Qxg2+ 31. Kxg2 Rg8+ 32. Kf1 Bh4 33. c4 Bc6 34. Be2 Rg3 35.
Qd2 e3 36. Bxe3 Bg2+ 37. Kf2 Rg8+ 38. Kg1 Bf3+ 39. Kf1 Bg2+ 40. Kg1 Bf3+ 41. Kf1 Bg2+ 42. Kg1 1/2-1/2

[Event "*** Titled Tuesday Blitz"]
[Site "Chess.com"]
[Date "2019.10.01"]
[Round "5"]
[White "WiktoriaPOL"]
[Black "2nd_life"]
[Result "1-0"]
[WhiteElo "2310"]
[BlackElo "2392"]
[TimeControl "180+2"]
[EndTime "14:10:01 PDT"]
[Termination "WiktoriaPOL won by resignation"]

1. c4 e5 2. Nc3 Bb4 3. Nd5 a5 4.
a3 Be7 5. d3 Nf6 6. Nxe7 Qxe7 7. Nf3 b6 8. g3 Bb7 9. Bg2 O-O 10. O-O d6 11. e4 a4 12. Nd2 Nc6 13. f4 Nd4 14. f5 Nd7 15. g4 f6 16. h4 Nc5 17.
Nf3 Nxf3+ 18. Qxf3 Nb3 19. Rb1 b5 20. cxb5 Ra5 21.
g5 Rxb5 22. gxf6 gxf6 23. Bh6 Rf7 24. Kh2 Kh8 25. Rg1 Ba6 26. Bh3 Rb8 27. Rg3 Nd4 28. Qg2 d5 29. Rg1 Qe8 30. Bg7+ Rxg7 31. Rxg7 Qf8 32.
Rxh7+ 1-0

[Event "*** Titled Tuesday Blitz"]
[Site "Chess.com"]
[Date "2019.10.01"]
[Round "5"]
[White "CzechmVIII"]
[Black "PowerThinking2650"]
[Result "1-0"]
[WhiteElo "2109"]
[BlackElo "2293"]
[TimeControl "180+2"]
[EndTime "14:10:04 PDT"]
[Termination "CzechmVIII won by resignation"]

1. e4 e5 2. Nf3 Nc6 3. Bb5 a6 4.
Ba4 Nf6 5. O-O Be7 6. Re1 b5 7. Bb3 d6 8. c3 O-O 9. h3 Bb7 10. d4 Re8 11. Nbd2 Bf8 12. a3 h6 13. Bc2 Nb8 14. b4 Nbd7 15. Bb2 c6 16. Qb1 Nh5 17.
c4 Nf4 18. dxe5 Nxe5 19. Nxe5 dxe5 20. Nf3 Qf6 21. Bxe5 Rxe5 22. Nxe5 Qxe5 23. c5 Qg5 24. g3 Nxh3+ 25. Kf1 a5 26. Qb3 axb4 27. axb4 Qf6 28.
Kg2 Rxa1 29. Rxa1 Qxa1 30. Kxh3 Qh1+ 31. Kg4 Qxe4+ 32. Bxe4 g6 33. Bxg6 Bc8+ 34. Bf5 Bxf5+ 35. Kxf5 Bg7 36. Qe3 Bf8 37. Qe8 Kg7 38. Qxc6 Be7 39. Qxb5 1-0

[Event "*** Titled Tuesday Blitz"]
[Site "Chess.com"]
[Date "2019.10.01"]
[Round "5"]
[White "Gr3egor"]
[Black "GMKrikor"]
[Result "0-1"]
[WhiteElo "2621"]
[BlackElo "2797"]
[TimeControl "180+2"]
[EndTime "14:10:10 PDT"]
[Termination "GMKrikor won by resignation"]

1. d4 Nf6 2. c4 e6 3. Nf3 d5 4. Nc3 a6 5. cxd5 exd5 6. Bg5 Be6 7. e3 Nbd7 8. Bd3 Bd6 9. Qc2 c6 10. Bf4 Qc7 11. Bxd6 Qxd6 12. h3 Rc8 13. O-O O-O 14. a3 c5 15. dxc5 Nxc5 16. Be2 Nce4 17. Rfd1 Nxc3 18.
bxc3 Qc5 19. Qb2 Rc7 20. Rac1 Ne4 21. Nd4 Nxc3 22. Bd3 Nxd1 23. Bxh7+ Kh8 24. Qe2 Qxc1 25. Qh5 Nxe3+ 26. Kh2 0-1

[Event "*** Titled Tuesday Blitz"]
[Site "Chess.com"]
[Date "2019.10.01"]
[Round "5"]
[White "pedroholly22"]
[Black "Sashadav97"]
[Result "1/2-1/2"]
[WhiteElo "2338"]
[BlackElo "2520"]
[TimeControl "180+2"]
[EndTime "14:10:11 PDT"]
[Termination "Game drawn by agreement"]

1. e4 c5 2. Nf3 Nc6 3. d4 cxd4 4. Nxd4 Nf6 5. Nc3 d6 6. Bg5 e6 7. Qd2 a6 8. O-O-O Bd7 9. f4 Be7 10. f5 Ne5 11. Nf3 Qc7 12. Be2 Rd8 13. Nxe5 dxe5 14. Qe3 O-O 15. g4 b5 16. Bxf6 gxf6 17. g5 fxg5 18.
h4 f6 19. hxg5 fxg5 20. Qh3 Rf7 21. fxe6 Bxe6 22. Qxe6 Rxd1+ 23. Bxd1 Qd6 24. Bg4 Kf8 25. Nd5 Qxe6 26. Bxe6 Rg7 27. Bf5 g4 28. Kd1 Bc5 29. Nf6 g3 30. Nd7+ Rxd7+ 31. Bxd7 g2 32. Re1 Bf2 33.
Bh3 Bxe1 34. Bxg2 Bf2 35. Bf1 Ke7 36. a4 bxa4 37. Bxa6 Bc5 38. Bb5 a3 39. bxa3 Bxa3 40. Ke2 Kf6 41. Kf3 Kg5 42. Kg2 Kf4 43. Bc6 1/2-1/2

[Event "*** Titled Tuesday Blitz"]
[Site "Chess.com"]
[Date "2019.10.01"]
[Round "5"]
[White "dragos420"]
[Black "ChessLover0108"]
[Result "0-1"]
[WhiteElo "2367"]
[BlackElo "2734"]
[TimeControl "180+2"]
[EndTime "14:10:12 PDT"]
[Termination "ChessLover0108 won by resignation"]

1. e4 Nf6 2. e5 Nd5 3. d4 d6 4. Nf3 dxe5 5. Nxe5 c6 6. Nf3 g6 7. c4 Nf6 8. Nc3 Bg7 9. h3 O-O 10. Bd3 b6 11. Be3 Bb7 12. O-O Nbd7 13. Qd2 Re8 14. Bf4 e6 15. Qe2 c5 16. Nb5 cxd4 17.
Nc7 e5 18. Nxe8 Qxe8 19. Nxe5 Nh5 20. Nxd7 Nxf4 21. Qxe8+ Rxe8 22. Bc2 Bc6 23. g3 Nxh3+ 24. Kh2 Ng5 0-1

[Event "*** Titled Tuesday Blitz"]
[Site "Chess.com"]
[Date "2019.10.01"]
[Round "5"]
[White "Zarikovs1999"]
[Black "Rodalquilar"]
[Result "0-1"]
[WhiteElo "2407"]
[BlackElo "2580"]
[TimeControl "180+2"]
[EndTime "14:10:12 PDT"]
[Termination "Rodalquilar won on time"]

1. e4 d5 2. exd5 Qxd5 3. Nc3 Qa5 4. Bc4 Nf6 5. d4 Bf5 6. Nf3 e6 7. O-O Nc6 8. Nh4 Bg4 9. f3 Bh5 10. Bd2 Nxd4 11. Kh1 Qc5 12. Bd3 g5 13. b4 Qxb4 14. Nd5 Nxd5 15. Bxb4 Bxb4 16. g4 Ne3 17. gxh5 Nxd1 18.
Rfxd1 gxh4 19. Rab1 Bc5 20. c3 Nxf3 21. Be4 Ne5 0-1

[Event "*** Titled Tuesday Blitz"]
[Site "Chess.com"]
[Date "2019.10.01"]
[Round "5"]
[White "XDPS"]
[Black "chessS1r"]
[Result "1-0"]
[WhiteElo "2775"]
[BlackElo "2472"]
[TimeControl "180+2"]
[EndTime "14:10:27 PDT"]
[Termination "XDPS won by resignation"]

1. d4 d5 2. c4 e6 3. Nc3 a6 4.
cxd5 exd5 5. Qb3 c6 6. e4 dxe4 7. Bc4 Qe7 8. a4 h6 9. Nge2 Nf6 10. O-O Be6 11. Bxe6 fxe6 12. Ng3 Nbd7 13. Qxb7 Rb8 14. Qxc6 Qd6 15. Qc4 Be7 16. Ncxe4 Nxe4 17. Nxe4 Qd5 18. Qxd5 exd5 19. Nc3 Nf6 20. Re1 Kf7 21. Re2 Rb4 22. Be3 Rhb8 23. Ra2 g5 24. f3 Bd6 25. g4 Re8 26.
Kg2 Reb8 27. Bf2 Bf4 28. a5 Bc1 29. Na4 Nd7 30. Rc2 Rc4 31. Rxc4 dxc4 32. d5 Rb5 33. Nb6 Bxb2 34. Nxd7 c3 35. Ne5+ Kf6 36. Nd3 c2 37. Rxb2 Rxb2 38. Bd4+ 1-0

[Event "*** Titled Tuesday Blitz"]
[Site "Chess.com"]
[Date "2019.10.01"]
[Round "5"]
[White "GadimbayliA"]
[Black "kingofthenil"]
[Result "1-0"]
[WhiteElo "2871"]
[BlackElo "2566"]
[TimeControl "180+2"]
[EndTime "14:10:29 PDT"]
[Termination "GadimbayliA won by resignation"]

1. e4 e6 2. d4 d5 3. Nd2 c5 4. Ngf3 Nc6 5. exd5 exd5 6. Bb5 Qe7+ 7. Qe2 Qxe2+ 8.
Kxe2 a6 9. Bxc6+ bxc6 10. dxc5 Bxc5 11. Nb3 Bd6 12. Be3 a5 13. Bc5 Kd7 14. Rhe1 Ba6+ 15.
Kd2 a4 16. Bxd6 Kxd6 17. Nbd4 Ne7 18. Ne5 Rhf8 19. c3 Rab8 20. b4 Bc8 21. Nd3 Nf5 22.
Nxf5+ Bxf5 23. Nc5 a3 24. Ke3 g5 25. Kd4 Rfe8 26. Re3 Rxe3 27. fxe3 Bg6 28. Rf1 Re8 29. Rf6+ Kc7 30. b5 cxb5 31. Ra6 Rb8 32. Rxa3 Rb6 33. Ra7+ Kb8 34. Re7 Rf6 35. Nd7+ Kc7 36. Nxf6+ Kd6 37. Ra7 h5 38. Ra6+ 1-0

[Event "*** Titled Tuesday Blitz"]
[Site "Chess.com"]
[Date "2019.10.01"]
[Round "5"]
[White "TST2014"]
[Black "cherryandmint"]
[Result "0-1"]
[WhiteElo "2565"]
[BlackElo "2765"]
[TimeControl "180+2"]
[EndTime "14:10:33 PDT"]
[Termination "cherryandmint won on time"]

1. d4 d5 2. c4 e6 3. Nf3 Nf6 4. Nc3 c5 5. cxd5 Nxd5 6. e4 Nxc3 7. bxc3 cxd4 8. cxd4 Bb4+ 9. Bd2 Bxd2+ 10. Qxd2 O-O 11. Bc4 Nd7 12. O-O b6 13. Rfe1 Bb7 14. Rad1 Rc8 15.
Bb3 Re8 16. h4 h6 17. Qf4 Qc7 18. Qe3 Nf6 19. Qd3 Qc3 20. Qb1 b5 21. Re3 Qc7 22.
Rde1 a5 23. a3 Ng4 24. R3e2 Qf4 25. Qd3 b4 26. axb4 axb4 27. g3 Qf6 28. Rc2 Rxc2 29.
Bxc2 Rc8 30. Ne5 Qxf2+ 0-1

[Event "*** Titled Tuesday Blitz"]
[Site "Chess.com"]
[Date "2019.10.01"]
[Round "5"]
[White "imdvb6307"]
[Black "Bagirova"]
[Result "1-0"]
[WhiteElo "2420"]
[BlackElo "2090"]
[TimeControl "180+2"]
[EndTime "14:10:38 PDT"]
[Termination "imdvb6307 won by checkmate"]

1. c4 Nf6 2. Nc3 g6 3. Nf3 Bg7 4. d4 O-O 5. e4 d6 6. Be2 Bg4 7. Be3 Nbd7 8. Nd2 Bxe2 9. Qxe2 e5 10. d5 Ne8 11. g4 a6 12. h4 c6 13. f3 cxd5 14. cxd5 b5 15. g5 b4 16. Na4 f5 17.
Nc4 Rc8 18. Rc1 f4 19. Bf2 a5 20. Kd2 Rf7 21. b3 Bf8 22. Kc2 Nc7 23. Kb1 Nb5 24. Rcg1 Na3+ 25. Nxa3 bxa3 26. Rc1 Nc5 27.
Bxc5 dxc5 28. Qb5 Rb7 29. Qxb7 Rb8 30. Qc6 Rb4 31. Qe6+ Kg7 32. Nxc5 Qb6 33. Qxb6 Rxb6 34. Ne6+ Kf7 35. Rc7+ Kg8 36. Rc8 a4 37. Rxf8# 1-0

[Event "*** Titled Tuesday Blitz"]
[Site "Chess.com"]
[Date "2019.10.01"]
[Round "5"]
[White "morphinho22"]
[Black "FearNoEvil12"]
[Result "1-0"]
[WhiteElo "2359"]
[BlackElo "2033"]
[TimeControl "180+2"]
[EndTime "14:10:46 PDT"]
[Termination "morphinho22 won by checkmate"]

1. Nf3 b5 2. e3 a6 3. b3 Bb7 4. Bb2 Nf6 5. Be2 e6 6. O-O d6 7. c4 b4 8. d4 Nbd7 9. Nbd2 Rg8 10.
Bd3 g5 11. e4 g4 12. Ne1 h5 13. Nc2 g3 14. fxg3 h4 15. gxh4 Bh6 16. Qe2 Ng4 17. h3 Qxh4 18. hxg4 Nf6 19. Rxf6 Qxf6 20. Rf1 Qh4 21. d5 e5 22. Ne3 Bf4 23. Rxf4 exf4 24. Nf5 Qxg4 25. Nf3 O-O-O 26. Ne7+ Kb8 27. Nxg8 Rxg8 28.
e5 dxe5 29. Nxe5 Qg3 30. Be4 Ka8 31. c5 Rh8 32. Nf3 Re8 33. c6 Bc8 34. d6 Bf5 35. d7 Rg8 36. Qxa6+ Kb8 37. Qb7# 1-0

[Event "*** Titled Tuesday Blitz"]
[Site "Chess.com"]
[Date "2019.10.01"]
[Round "5"]
[White "Spring199"]
[Black "arjwezhrtdrz"]
[Result "1-0"]
[WhiteElo "2374"]
[BlackElo "2081"]
[TimeControl "180+2"]
[EndTime "14:10:47 PDT"]
[Termination "Spring199 won by resignation"]

1. d4 d6 2. c4 e5 3. d5 f5 4. Nc3 Nf6 5. g3 Be7 6. Bg2 O-O 7. e4 fxe4 8. Nxe4 Nxe4 9. Bxe4 Nd7 10. Ne2 Nf6 11. Bg2 Bf5 12. O-O a5 13. Nc3 b6 14.
Bg5 Nd7 15. Bxe7 Qxe7 16. Be4 Nc5 17. Bxf5 Rxf5 18. Qe2 Raf8 19. Rae1 Rf3 20. Kg2 Qf7 21. Rd1 Qh5 22. Rd2 Qf7 23. Ne4 Nxe4 24. Qxe4 Rf6 25.
b3 Qh5 26. f3 Qh6 27. Rdf2 Qg5 28. h4 Qg6 29. Qxg6 Rxg6 30. f4 exf4 31. Rxf4 Rxf4 32. Rxf4 h6 33. Kf3 Rf6 34. Rxf6 gxf6 35. Kf4 h5 36. g4 hxg4 37. Kxg4 Kf7 38. Kf5 Kg7 39. h5 Kf7 40. h6 1-0

[Event "*** Titled Tuesday Blitz"]
[Site "Chess.com"]
[Date "2019.10.01"]
[Round "5"]
[White "SanchezKelvin"]
[Black "2165149677570"]
[Result "1-0"]
[WhiteElo "2522"]
[BlackElo "2302"]
[TimeControl "180+2"]
[EndTime "14:10:48 PDT"]
[Termination "SanchezKelvin won by resignation"]

1. d4 Nf6 2. c4 b6 3. Nf3 e6 4. g3 Ba6 5. Qc2 Bb7 6. Bg2 c5 7. d5 exd5 8. cxd5 Bxd5 9. Nc3 Bb7 10. O-O Be7 11. e4 O-O 12. e5 Nd5 13. Nxd5 Bxd5 14.
Rd1 Bc6 15. h4 f6 16. exf6 Bxf6 17. Ng5 Bxg5 18. Bxg5 Qc7 19. Be7 Rf7 20. Bd6 Qb7 21.
Bf1 Kh8 22. Bc4 Be4 23. Re1 Re7 24. Qd2 Bh1 25. f3 Rxe1+ 26. Rxe1 Na6 27. Bd5 1-0

[Event "*** Titled Tuesday Blitz"]
[Site "Chess.com"]
[Date "2019.10.01"]
[Round "5"]
[White "Tonychess32"]
[Black "Abdodi"]
[Result "1-0"]
[WhiteElo "2426"]
[BlackElo "2182"]
[TimeControl "180+2"]
[EndTime "14:10:49 PDT"]
[Termination "Tonychess32 won by resignation"]

1. e4 c6 2. d4 d5 3. Nc3 dxe4 4. Nxe4 Nd7 5. Nf3 Ngf6 6. Nc3 Nb6 7. h3 Bf5 8. Bd3 Bg6 9. O-O e6 10. Re1 Be7 11.
Bxg6 hxg6 12. Ne5 Nbd7 13. Nf3 Qc7 14. Qe2 O-O-O 15. a3 Rh5 16. b4 Rdh8 17. b5 cxb5 18. Nxb5 Qa5 19. c4 a6 20. Bd2 Qb6 21. Nc3 Kd8 22.
a4 Ke8 23. Rab1 Qc6 24. Rec1 Ba3 25. Re1 Be7 26. Bf4 Kf8 27. d5 Qxc4 28. Qxc4 exd5 29. Qc7 Kg8 30. Rxe7 1-0

[Event "*** Titled Tuesday Blitz"]
[Site "Chess.com"]
[Date "2019.10.01"]
[Round "5"]
[White "ThePunisherxx"]
[Black "joppie2"]
[Result "0-1"]
[WhiteElo "2643"]
[BlackElo "2855"]
[TimeControl "180+2"]
[EndTime "14:10:53 PDT"]
[Termination "joppie2 won by resignation"]

1. Nf3 d5 2. g3 Nc6 3. d4 Bf5 4. Bg2 Nb4 5. Na3 e6 6. O-O Be7 7. b3 h5 8. h4 Nf6 9. c3 Na6 10.
Nb1 c5 11. Bg5 Ne4 12. Bxe7 Qxe7 13. Nfd2 O-O 14. Nxe4 dxe4 15. Nd2 cxd4 16. cxd4 Rfd8 17. e3 e5 18. Qxh5 Bg6 19. Qe2 exd4 20. exd4 Rxd4 21.
Nc4 Nc5 22. Ne3 Rad8 23. Rac1 Nd3 24. Rc4 R4d7 25. h5 Bh7 26. Rc2 Ne5 27. Rfc1 Nf3+ 28.
Bxf3 exf3 29. Qxf3 Bxc2 30. Rxc2 Rc7 31. Re2 Qg5 32.
Kg2 Rc5 33. g4 Rd4 34. Kh3 Rc3 35. Qg3 Rf4 36. Rd2 f5 37. gxf5 Rxe3 38. fxe3 Qxh5+ 39. Kg2 Rg4 0-1

[Event "*** Titled Tuesday Blitz"]
[Site "Chess.com"]
[Date "2019.10.01"]
[Round "5"]
[White "Parhamov"]
[Black "vugarrasulov"]
[Result "1/2-1/2"]
[WhiteElo "3025"]
[BlackElo "2868"]
[TimeControl "180+2"]
[EndTime "14:10:55 PDT"]
[Termination "Game drawn by repetition"]

1. Nf3 c5 2. c4 Nc6 3. b3 Nf6 4. Bb2 e6 5. g3 d5 6. Bg2 Be7 7. O-O O-O 8. e3 b6 9. Qe2 Bb7 10. Rd1 Ba6 11. Nc3 Rc8 12. Nb5 Bb7 13. d4 cxd4 14.
Nbxd4 Nxd4 15. Nxd4 Qc7 16. Rac1 Qb8 17. cxd5 Nxd5 18. a3 Rfd8 19. b4 Rxc1 20. Rxc1 Rc8 21. Qd2 h6 22. b5 Bf6 23. Nc6 Bxc6 24. bxc6 Bxb2 25. Qxb2 Qd6 26. e4 Ne7 27. e5 Qd3 28. h4 Qd8 29. Qb4 Qc7 30. Qd6 Nf5 31. Qxc7 Rxc7 32.
Kf1 Kf8 33. Ke2 Ke7 34. Kd3 Kd8 35. Be4 Ne7 36. h5 Rc8 37. Ke3 Kc7 38. g4 Rd8 39. f4 b5 40. Rg1 Nd5+ 41. Bxd5 Rxd5 42. g5 Kxc6 43. g6 Rd7 44. f5 exf5 45. gxf7 Rxf7 46.
Kf4 Kd7 47. Rg6 Ke8 48. Ra6 Rb7 49. Kxf5 Kf7 50. Ke4 Ke7 51. Kd5 Rd7+ 52. Kc5 Rb7 53. Rg6 Kf7 54. Ra6 Ke7 55. Kc6 Rd7 56. Kc5 Rb7 1/2-1/2

[Event "*** Titled Tuesday Blitz"]
[Site "Chess.com"]
[Date "2019.10.01"]
[Round "5"]
[White "GianmarcoVaR"]
[Black "DrRiebert"]
[Result "1-0"]
[WhiteElo "2601"]
[BlackElo "2423"]
[TimeControl "180+2"]
[EndTime "14:10:55 PDT"]
[Termination "GianmarcoVaR won by resignation"]

1. d4 d5 2. c4 c6 3. Nf3 Nf6 4. e3 a6 5. Bd3 b5 6. b3 Bg4 7.
Nbd2 e6 8. O-O Bd6 9. Bb2 O-O 10.
Qc2 Bh5 11. h3 Bg6 12. Bxg6 hxg6 13. a4 Nbd7 14. e4 dxe4 15. Nxe4 Bb4 16. Neg5 Rb8 17. Qc1 Qc7 18. Ne5 Nxe5 19. dxe5 Nh7 20. Ne4 Rfd8 21.
Bc3 bxc4 22. bxc4 Qa5 23. Bxb4 Qxb4 24. Nd6 Nf6 25. Qf4 Rd7 26. Rab1 Qxb1 27. Rxb1 Rxb1+ 28. Kh2 Nh7 29. Qe4 Nf8 30. Qxb1 1-0

[Event "*** Titled Tuesday Blitz"]
[Site "Chess.com"]
[Date "2019.10.01"]
[Round "5"]
[White "dolynachess"]
[Black "Saloni1299"]
[Result "0-1"]
[WhiteElo "2397"]
[BlackElo "2063"]
[TimeControl "180+2"]
[EndTime "14:10:57 PDT"]
[Termination "Saloni1299 won by resignation"]

1. d4 Nf6 2. c4 g6 3. Nc3 d5 4. cxd5 Nxd5 5. e4 Nxc3 6. bxc3 Bg7 7. Bb5+ c6 8. Bc4 O-O 9. Ne2 c5 10. O-O Nc6 11. Be3 Qa5 12. d5 Ne5 13. Bb3 Ng4 14.
Bd2 c4 15. Bxc4 Qc7 16. f4 Qxc4 17. Ng3 Qc5+ 18. Kh1 Nf2+ 19. Rxf2 Qxf2 20. Qc2 Qc5 21. Rf1 b6 22. f5 Ba6 23. Rf3 Rac8 24. h4 Be5 25.
Bh6 Bg7 26. Qc1 Qd6 27. h5 Be5 28. Bf4 Bxf4 29. Rxf4 Rxc3 30. Qxc3 Qxf4 31. Kg1 Rc8 0-1

[Event "*** Titled Tuesday Blitz"]
[Site "Chess.com"]
[Date "2019.10.01"]
[Round "5"]
[White "brendan174"]
[Black "IvanRadivojevic"]
[Result "0-1"]
[WhiteElo "2115"]
[BlackElo "2407"]
[TimeControl "180+2"]
[EndTime "14:11:01 PDT"]
[Termination "IvanRadivojevic won by resignation"]

1. d4 Nf6 2. Nc3 d5 3. Bf4 c6 4.
e3 Bf5 5. f3 e6 6. g4 Bg6 7. h4 h5 8. g5 Nfd7 9. Bd3 Bxd3 10.
Qxd3 g6 11. Nge2 a6 12. e4 Bg7 13. exd5 cxd5 14. O-O-O Nc6 15. Rde1 O-O 16. Kb1 Qa5 17. Bd2 Qb6 18. Be3 Rac8 19. Rd1 Qa7 20. Nf4 Rfe8 21.
Nxg6 fxg6 22. Qxg6 Nf8 23. Qxh5 b5 24. Qg4 Ne5 25.
dxe5 Qxe3 26. Rhe1 Qa7 27. h5 Qf7 28. h6 Bh8 29. Rd4 Ng6 30. f4 Kh7 31. Rf1 Nxe5 32. Qg2 Ng6 33. Rd2 Bxc3 34. bxc3 Rxc3 35. Rdf2 Qf5 36.
Qh2 Rec8 37. Rc1 R8c4 0-1

[Event "*** Titled Tuesday Blitz"]
[Site "Chess.com"]
[Date "2019.10.01"]
[Round "5"]
[White "I-Mesquita"]
[Black "Msb2"]
[Result "1-0"]
[WhiteElo "2661"]
[BlackElo "2885"]
[TimeControl "180+2"]
[EndTime "14:11:05 PDT"]
[Termination "I-Mesquita won by checkmate"]

1. Nf3 d5 2. d4 Nf6 3. c4 e6 4.
Nc3 Bb4 5. Qa4+ Nc6 6. e3 O-O 7. Be2 dxc4 8. Bxc4 Bd6 9. O-O a6 10. Qc2 b5 11. Be2 Bb7 12. a3 e5 13. d5 Ne7 14.
e4 c6 15. dxc6 Nxc6 16. Be3 Ng4 17. Bg5 f6 18. Bd2 Qc8 19. Qb3+ Kh8 20. h3 Nh6 21. Bxh6 gxh6 22. Nd5 Qe6 23. Rfd1 Rac8 24. Qe3 f5 25.
exf5 Rxf5 26. Nh4 Rff8 27. Bg4 Qg6 28. Bxc8 Rxc8 29. Rac1 Rf8 30. Nxg6+ hxg6 31. Qxh6+ Kg8 32. Qxg6+ Kh8 33. Qxd6 Nd4 34. Qh6+ Kg8 35. Rc7 Rf7 36.
Rxf7 Kxf7 37. Rxd4 exd4 38. Qf6+ Kg8 39. Ne7+ Kh7 40. Qg6+ Kh8 41. Qh6# 1-0

[Event "*** Titled Tuesday Blitz"]
[Site "Chess.com"]
[Date "2019.10.01"]
[Round "5"]
[White "Keaton87"]
[Black "malandragem"]
[Result "1-0"]
[WhiteElo "2590"]
[BlackElo "2306"]
[TimeControl "180+2"]
[EndTime "14:11:05 PDT"]
[Termination "Keaton87 won by resignation"]

1. e4 Nf6 2. e5 Nd5 3. d4 d6 4. Bc4 Nb6 5. Bb3 g6 6. e6 Bxe6 7. Bxe6 fxe6 8. h4 Bg7 9. h5 Nc6 10. c3 Qd7 11. Nf3 O-O-O 12. Ng5 Rdf8 13. Qg4 Rf5 14.
hxg6 hxg6 15. Rxh8+ Bxh8 16. Be3 e5 17. Nf3 exd4 18.
cxd4 Nb4 19. Na3 Nd3+ 20. Ke2 Nxb2 21. Qxg6 Rf8 22. Rc1 Qa4 23. Qe6+ Kb8 24. Qb3 Qa6+ 25. Nb5 N2c4 26. Rxc4 c6 27. Rc1 cxb5 28. Nd2 Na4 29. g4 b4+ 30. Ke1 Nc3 31. Qc4 Qa3 32. Nb1 Qxa2 33.
Rxc3 Qxb1+ 34. Rc1 1-0